 Dungeon Sprint DCSS version 0.29-a0-723-gce39da1c22 (webtiles) character file.

Game seed: 2419206133431475546

10 manyhoops the Shield-Bearer (level 2, -1/25 HPs)
             Began as a Formicid Fighter on June 28, 2022.
             Succumbed to a scorpion's poison
             ... in the Dungeon (Sprint II: "The Violet Keep of Menkaure").
             The game lasted 00:00:42 (144 turns).

manyhoops the Shield-Bearer (Formicid Fighter)       Turns: 144, Time: 00:00:43

Health: -1/25      AC:  7    Str: 20    XL:     2   Next: 30%
Magic:  2/2        EV:  9    Int:  7    God:
Gold:   243        SH:  5    Dex: 13    Spells: 1/1 levels left

rFire   . . .      SeeInvis +   a - +0 war axe
rCold   . . .      Faith    .   c - +0 buckler
rNeg    . . .      Spirit   .   b - +0 scale mail
rPois   .          Reflect  .   (helmet unavailable)
rElec   .          Harm     .   (no cloak)
rCorr   .          Rampage  .   (no gloves)
Will    .....                   (no boots)
Stlth   ..........              (no amulet)
HPRegen 0.08/turn               (no ring)
MPRegen 0.08/turn               (no ring)

@: mighty, lethally poisoned (-1 -> -16)
A: permanent stasis, dig shafts and tunnels, antennae 3, four strong arms
a: Dig


You were in the Dungeon.
You visited 1 branch You collected 243 gold pieces.

Inventory:

Hand Weapons
 a - a +0 war axe (weapon)
Armour
 b - a +0 scale mail (worn)
 c - a +0 buckler (worn)
Potions
 e - a potion of curing
 g - 2 potions of magic


   Skills:
 + Level 4.1 Fighting
 + Level 2.8 Axes
 + Level 4.1 Armour
 + Level 4.8 Shields


You had one spell level left.
You didn't know any spells.
Your spell library was empty.

Dungeon Overview and Level Annotations

Branches:
Dungeon (1/1)

Altars:


Innate Abilities, Weirdness & Mutations

You cannot be hasted, slowed, berserked, paralysed or teleported.
You can dig through walls and to a lower floor.
You have a pair of large antennae on your head. (SInv)
Your four strong arms can wield two-handed weapons with a shield.


Message History

The scorpion stings you but does no damage.
The scorpion barely misses you.
You slash the scorpion!
The scorpion is heavily wounded.
You block the scorpion's attack.
The scorpion stings you but does no damage.
You closely miss the scorpion.
The scorpion is heavily wounded.
The scorpion stings you but does no damage.
You closely miss the scorpion.
The scorpion is heavily wounded.
The scorpion barely misses you. You block the scorpion's attack.
You closely miss the scorpion.
The scorpion is heavily wounded.
The scorpion closely misses you. You block the scorpion's attack.
You barely miss the scorpion.
The scorpion is heavily wounded.
The scorpion stings you but does no damage.
You closely miss the scorpion.
The scorpion is heavily wounded.
The scorpion closely misses you. The scorpion barely misses you.
You hit the scorpion.
The scorpion is severely wounded.
The scorpion stings you.
You are poisoned.
The scorpion poisons you! The scorpion stings you.
You closely miss the scorpion.
The scorpion is severely wounded.
You feel very sick. The scorpion closely misses you.
You hit the scorpion.
The scorpion is almost dead.
You feel sick. The scorpion stings you.
You are lethally poisoned!
The scorpion poisons you! The scorpion stings you.
* * * LOW HITPOINT WARNING * * *
You are too injured to fight recklessly!
You slash the scorpion!
You kill the scorpion!
You die...

{ {##+#
##..###
#..##.#
##.#.## #
{ ##†## {
#..###.##
{ #s'@<.+
#..###.##
{ # { #+#
{ { { {


You could see a scorpion.

Vanquished Creatures
  A scorpion (D)
  3 worms (D)
4 creatures vanquished.

Vanquished Creatures (others)
  Menkaure (D)
  A water moccasin (D)
2 creatures vanquished.

Grand Total: 6 creatures vanquished

Notes
Turn   | Place    | Note
-------+----------+-------------------------------------------
     0 | D        | manyhoops the Formicid Fighter began the quest for the Orb.
     0 | D        | Reached XP level 1. HP: 18/18 MP: 1/1
    19 | D        | Reached XP level 2. HP: 25/25 MP: 2/2
    45 | D        | Killed a water moccasin
    96 | D        | Killed Menkaure
   131 | D        | Noticed a scorpion
   131 | D        | Noticed a scorpion
   144 | D        | Killed a scorpion
   144 | D        | Succumbed to a scorpion's poison

Illustrated notes

Levels and vault maps discovered:
D:        the_violet_keep_of_menkaure [sprint2_stairs_cluster_1,
          sprint2_shoproom, sprint2_temple, sprint2_basic_supplies,
          sprint2_obstacle_1, sprint2_obstacle_7, sprint2_obstacle_6,
          sprint2_obstacle_5, sprint2_obstacle_3, sprint2_timed_cluster_1,
          sprint2_smallroom_cluster_1, sprint2_smallroom_final_cluster_1,
          sprint2_transparent_cluster_1, sprint2_second_timed_cluster_1,
          sprint2_sniper_area_1, sprint2_heavy_combat_area_1,
          sprint2_mutation_trap_area_1, sprint2_forest_area_1,
          sprint2_light_combat_area_1, sprint2_behind_water_1,
          sprint2_near_end_vault_1]

Skill      XL: |  1  2 |
---------------+-------+-----
Fighting       | 4 |  4.1
Armour         | 4 |  4.1
Axes           | |  2.8
Shields        | |  4.8

Action                   || total
-------------------------++-------
Melee: War axe           ||    30
  Use: Potion            ||     2
Armor: Scale mail        ||     6
Dodge: Dodged            ||    10
Block: Buckler           ||     5

Table legend: (Time is in decaauts)
 A = Elapsed time spent in this place.
 B = Non-inter-level travel time spent in this place.
 C = Inter-level travel time spent in this place.
 D = Time resting spent in this place.
 E = Time spent auto-exploring this place.
 F = Levels seen in this place.
 G = Mean time per level.
                   A        B        C        D        E       F      G
               +--------+--------+--------+--------+--------+-----+--------+
         Total |    155 |    155 |      0 |     90 |      0 |   1 |  155.0 |
       Dungeon |    155 |    155 |      0 |     90 |      0 |   1 |  155.0 |
               +--------+--------+--------+--------+--------+-----+--------+

Top non-repeatable levels by time:
       D: 155 daAuts
